Map: Research Site JD-2

Players

aLu

  • Race: Zerg Zerg

ABomB

  • Race: Zerg Zerg

SmaSh

  • Race: Zerg Zerg

DSPlayer

  • Race: Terran Terran

Peekachu

  • Race: Zerg Zerg

AnDǂMagicas

  • Race: Protoss Protoss

Xynthor

  • Race: Zerg Zerg

Toasted

  • Race: Protoss Protoss
  • League: Diamond

VOD

Have the link to the VOD?

Description

Time

  • Played on: Sept. 17, 2026, 2:15 p.m.
  • Length: 10:25
Show
View Real Time Build Order
Export as new Build Order

aLu Zerg 

Build Orders: Hatch First 

Get SALT Encoding   

  8  0:02  Drone  
  9  0:10  Drone  
  10  0:17  Drone  
  11  0:28  Overlord  
  11  0:34  Drone  
  12  0:48  Drone x2  
  14  0:56  Drone  
  16  1:04  Drone  
  16  1:19  Hatchery  
  16  1:22  Drone  
  16  1:26  Drone  
  17  1:42  Spawning Pool  
  17  1:46  Drone  
  17  1:47  Extractor  
  17  1:49  Drone  
  17  1:53  Drone  
  18  2:02  Drone  
  19  2:10  Overlord  
  19  2:27  Drone  
  20  2:30  Queen  
  20  2:36  Zergling x4  
  24  2:44  Zergling x4  
  26  2:53  Zergling x4  
  28  2:58  Metabolic Boost  
  28  3:04  Queen  
  30  3:10  Zergling x2  
  30  3:11  Zergling x2  
  32  3:20  Evolution Chamber  
  32  3:24  Drone  
  32  3:25  Overlord  
  29  3:56  Zergling x12  
  29  3:57  Zergling x6  
  35  4:03  Spore Crawler  
  35  4:04  Zerg Melee Weapons Level 1  
  35  4:09  Zergling x2  
  33  4:18  Drone x2  
  33  4:19  Drone  
  36  4:24  Spine Crawler  
  35  4:46  Overlord x2  
  35  4:49  Spore Crawler  
  33  5:04  Zergling x4  
  33  5:05  Zergling x12  
  40  5:12  Spine Crawler  
  39  5:18  Drone x2  
  39  5:37  Zergling x12  
  41  5:56  Zergling x2  
  41  5:57  Zergling x10  
  44  6:13  Zergling x12  
  44  6:17  Zerg Ground Armor Level 1  
  38  6:23  Drone x2  
  39  6:27  Queen  
  39  6:31  Drone  
  42  6:39  Drone  
  43  6:49  Drone x5  
  38  7:09  Zergling x2  
  38  7:10  Zergling x8  
  42  7:16  Drone x5  
  42  7:18  Extractor  
  42  7:20  Lair, Extractor  
  45  7:24  Overlord  
  45  7:32  Zergling x4  
  47  7:41  Drone  
  48  7:47  Drone x2  
  50  7:54  Zergling x12  
  52  8:14  Zergling x8  
  52  8:19  Zergling x6  
  55  8:21  Zerg Missile Weapons Level 1  
  55  8:24  Drone x2, Hydralisk Den  
  55  8:25  Overlord x2  
  52  8:39  Zergling x4  
  52  8:43  Drone  
  52  8:45  Infestation Pit  
  52  8:47  Drone x2  
  52  8:48  Drone x2  
  57  8:56  Extractor  
  57  9:00  Hatchery  
  57  9:02  Zergling x8  
  59  9:10  Zergling x4  
  59  9:11  Overseer  
  59  9:38  Zergling x14  
  54  9:46  Zergling x6  
  54  9:47  Zergling x2  
  57  9:53  Drone  
  57  9:54  Drone x2  
  60  10:01  Zergling x4  
  62  10:10  Evolution Chamber  
Show
View Real Time Build Order
Export as new Build Order

ABomB Zerg 

Build Orders: Hatch First 

Get SALT Encoding   

  8  0:00  Drone  
  9  0:10  Drone  
  10  0:16  Drone  
  11  0:27  Overlord  
  11  0:33  Drone  
  12  0:46  Drone x2  
  14  0:50  Drone  
  15  1:12  Hatchery  
  15  1:15  Drone  
  15  1:19  Drone  
  15  1:23  Drone  
  17  1:33  Extractor  
  17  1:38  Spawning Pool  
  15  1:42  Drone  
  15  1:45  Drone  
  17  1:50  Drone  
  18  2:00  Overlord  
  18  2:25  Queen x2  
  18  2:26  Zergling x4  
  23  2:38  Zergling x2  
  24  2:53  Zergling x2  
  24  2:54  Zergling x4  
  26  3:04  Metabolic Boost  
  25  3:14  Zergling x6  
  28  3:22  Drone  
  28  3:26  Drone x2  
  31  3:34  Overlord  
  31  3:47  Zergling x2  
  31  3:51  Overlord  
  31  3:53  Zergling x10  
  33  4:08  Zergling x12  
  39  4:16  Zergling x4  
  39  4:17  Zergling x2  
  39  4:28  Drone x3  
  42  4:34  Drone  
  43  4:43  Drone x4  
  43  4:45  Overlord  
  47  4:54  Overlord x2  
  41  5:25  Zergling x20  
  48  5:34  Zergling x4  
  45  5:37  Hatchery  
  43  5:44  Overlord x2  
  43  5:50  Drone  
  43  5:54  Drone  
  43  5:56  Queen x2  
  47  6:11  Drone x4  
  47  6:12  Drone x4  
  53  6:19  Zergling x2  
  53  6:23  Extractor x2  
  53  6:24  Zergling x2  
  51  6:29  Extractor  
  51  6:30  Zergling x4  
  51  6:31  Queen  
  54  6:38  Queen  
  56  6:40  Drone x3  
  56  6:46  Drone x3  
  62  6:48  Drone  
  62  6:49  Drone  
  62  6:52  Drone  
  65  6:58  Drone x2  
  67  7:02  Drone  
  67  7:03  Drone  
  67  7:05  Drone x2  
  67  7:06  Drone x3  
  74  7:14  Drone x2, Overlord  
  76  7:24  Overlord x2  
  76  7:26  Overlord x2  
  76  7:29  Overlord  
  76  7:34  Lair  
  76  7:40  Evolution Chamber  
  76  7:42  Evolution Chamber  
  76  7:44  Drone x4  
  78  7:51  Drone x5  
  78  7:52  Drone  
  78  8:03  Zergling x2  
  78  8:04  Zergling x16  
  86  8:08  Drone, Extractor x2  
  86  8:10  Zerg Missile Weapons Level 1  
  86  8:11  Zerg Ground Armor Level 1  
  85  8:13  Drone  
  85  8:14  Drone  
  87  8:23  Drone x3  
  89  8:44  Hydralisk Den  
  89  8:47  Hatchery  
  89  8:48  Infestation Pit  
  86  8:57  Overlord x2  
  86  8:58  Overlord  
  86  8:59  Spore Crawler  
  85  9:06  Overseer  
  82  9:12  Hydralisk x8  
  82  9:13  Hydralisk x5  
  104  9:24  Overseer  
  104  9:28  Hydralisk x7  
  118  9:34  Spine Crawler, Hydralisk  
  118  9:35  Hydralisk  
  121  9:49  Drone x4  
  125  9:55  Hydralisk x2  
  128  10:03  Drone x3  
Show
View Real Time Build Order
Export as new Build Order

SmaSh Zerg 

Build Orders: Hatch First 

Get SALT Encoding   

  8  0:00  Drone  
  9  0:11  Drone  
  10  0:17  Drone  
  11  0:28  Overlord  
  11  0:34  Drone  
  12  0:47  Drone x2  
  14  0:52  Drone  
  15  1:02  Drone  
  16  1:20  Hatchery  
  16  1:23  Drone  
  16  1:27  Drone  
  18  1:38  Extractor  
  18  1:39  Drone  
  18  1:40  Spawning Pool  
  18  1:44  Drone  
  18  1:53  Overlord  
  18  2:07  Drone  
  19  2:13  Drone  
  20  2:17  Hatchery  
  19  2:27  Zergling x2  
  20  2:31  Queen  
  20  2:32  Zergling x2  
  23  2:42  Metabolic Boost  
  23  2:45  Zergling x2  
  24  2:52  Overlord  
  24  3:04  Zergling x2  
  25  3:16  Zergling x2  
  26  3:24  Baneling Nest, Hatchery  
  26  3:26  Zergling x2  
  25  3:34  Zergling x4  
  26  3:39  Zergling x2  
  26  3:40  Zergling x2  
  27  3:48  Zergling x4  
  29  3:49  Zergling x2  
  28  4:06  Drone x3  
  31  4:14  Drone  
  31  4:15  Drone  
  30  4:19  Drone x2  
  31  4:29  Drone x4  
  33  4:37  Drone x2  
  35  4:41  Zergling x2  
  35  4:44  Baneling x5  
  36  4:49  Baneling  
  36  4:57  Drone x2  
  38  5:00  Queen  
  38  5:01  Drone  
  38  5:04  Overlord  
  41  5:08  Drone x2  
  39  5:30  Lair  
  39  5:32  Extractor  
  39  5:33  Zergling x20  
  48  5:41  Drone x3  
  51  5:47  Zergling x2  
  51  5:49  Overlord  
  52  5:52  Overlord  
  52  5:55  Spore Crawler  
  52  5:57  Baneling x3  
  51  5:58  Baneling  
  51  5:59  Baneling  
  51  6:06  Drone  
  51  6:07  Queen  
  51  6:09  Drone x5  
  59  6:15  Drone x3  
  60  6:21  Drone x4  
  63  6:27  Extractor  
  63  6:30  Hydralisk Den  
  61  6:40  Drone x2  
  61  6:41  Overlord x2  
  61  6:42  Drone x2  
  61  6:43  Drone  
  61  6:47  Queen  
  64  6:50  Drone x2  
  64  6:54  Spore Crawler  
  67  6:56  Spore Crawler, Drone  
  67  6:57  Drone  
  67  7:01  Overlord  
  68  7:07  Drone  
  69  7:10  Extractor, Grooved Spines  
  66  7:18  Spine Crawler  
  66  7:21  Drone x3  
  66  7:22  Spine Crawler  
  66  7:26  Overlord x2  
  66  7:28  Drone x3  
  69  7:30  Drone  
  69  7:31  Hydralisk x3  
  69  7:33  Hydralisk  
  69  7:34  Zergling x2  
  69  7:36  Zergling x2  
  75  7:39  Hydralisk  
  75  7:40  Hydralisk  
  77  7:46  Hydralisk  
  77  7:49  Hydralisk x2  
  83  7:55  Evolution Chamber  
  83  7:56  Hydralisk x2  
  83  7:57  Zergling x2  
  87  8:00  Muscular Augments  
  87  8:01  Overlord x2  
  87  8:02  Overlord  
  87  8:06  Extractor  
  87  8:07  Drone x2  
  87  8:08  Drone  
  89  8:14  Hydralisk x3  
  89  8:19  Hydralisk  
  95  8:23  Zergling x8  
  95  8:24  Zergling x2  
  102  8:27  Zerg Ground Armor Level 1  
  102  8:32  Hydralisk  
  102  8:33  Hydralisk  
  102  8:34  Zergling x6  
  108  8:46  Overlord  
  108  8:47  Overlord, Hydralisk  
  110  8:51  Hydralisk x3  
  116  9:00  Queen  
  118  9:04  Hydralisk x2  
  118  9:05  Hydralisk  
  124  9:10  Hydralisk x3  
  124  9:16  Hydralisk x2  
  132  9:18  Zergling x8  
  138  9:24  Overlord x3  
  138  9:29  Overlord  
  138  9:40  Hydralisk  
  138  9:42  Zergling x4  
  140  9:51  Hydralisk  
  140  9:52  Hydralisk x4  
  140  10:04  Zergling x2  
Show
View Real Time Build Order
Export as new Build Order

DSPlayer Terran 

Build Orders:  

Get SALT Encoding   

  8  0:00  SCV  
  9  0:12  SCV  
  10  0:24  SCV  
  11  0:28  Supply Depot  
  11  0:36  SCV  
  12  0:48  SCV  
  13  0:56  Barracks  
  13  1:01  SCV  
  14  1:13  SCV  
  14  1:16  Refinery  
  15  1:25  SCV  
  17  1:43  Marine  
  17  1:44  Orbital Command  
  17  1:59  Command Center  
  17  2:02  Marine  
  18  2:11  SCV  
  19  2:17  Supply Depot  
  19  2:22  Marine  
  20  2:23  SCV  
  21  2:33  Factory  
  21  2:39  SCV  
  21  2:41  Marine  
  23  2:51  SCV  
  24  2:56  Bunker  
  23  3:00  Barracks Reactor  
  23  3:03  SCV  
  24  3:13  Orbital Command  
  24  3:15  SCV  
  24  3:17  Hellion  
  27  3:25  Barracks  
  27  3:27  SCV  
  28  3:37  Marine x2  
  32  3:41  Hellion  
  32  3:42  SCV x2  
  34  3:51  Supply Depot  
  34  3:54  SCV x2  
  36  4:00  Marine x2  
  38  4:06  SCV x2  
  40  4:12  Factory Tech Lab  
  40  4:14  Barracks  
  40  4:18  SCV x2  
  42  4:24  Supply Depot, Marine x2  
  42  4:31  SCV x2, Supply Depot  
  44  4:41  Engineering Bay  
  44  4:42  Factory Tech Lab  
  44  4:43  SCV x2  
  44  4:44  Stimpack  
  44  4:45  Marine x2  
  48  4:55  SCV x2, Supply Depot  
  48  4:58  Refinery  
  50  5:07  SCV x2  
  50  5:14  Starport  
  52  5:17  Marine  
  52  5:18  Marine x2  
  52  5:19  SCV x2  
  57  5:25  Marine  
  56  5:31  SCV x2  
  57  5:35  Marine x2  
  57  5:37  Marine  
  51  5:43  Marine  
  51  5:44  Barracks x2  
  51  5:45  Terran Infantry Weapons Level 1  
  51  5:47  Supply Depot  
  51  5:48  Combat Shield  
  52  5:53  Marine x2  
  54  5:58  Factory Reactor  
  54  6:00  Command Center, SCV x2  
  56  6:05  Marine x2  
  56  6:07  Supply Depot  
  56  6:11  Marine x2  
  58  6:12  SCV x2  
  62  6:23  Marauder  
  62  6:24  Marauder, Concussive Shells, SCV x2  
  68  6:30  Supply Depot, Marine x2, Refinery  
  70  6:33  Barracks Reactor  
  70  6:34  Barracks Tech Lab  
  70  6:37  SCV x2  
  70  6:39  Refinery  
  72  6:45  Marine x2  
  74  6:48  Marine x2  
  74  6:49  SCV  
  74  6:50  SCV  
  74  6:53  Medivac  
  80  6:58  Marine  
  80  7:03  Marine  
  80  7:08  Missile Turret  
  81  7:10  Medivac  
  81  7:11  Marine x4  
  81  7:15  SCV x2  
  89  7:16  Marine  
  89  7:17  Marauder, Factory Tech Lab  
  92  7:27  SCV x2  
  94  7:32  Marine x3  
  94  7:33  Marauder, Marine  
  94  7:34  Command Center  
  100  7:37  Missile Turret  
  100  7:38  Missile Turret  
  100  7:44  Missile Turret  
  100  7:45  Orbital Command  
  100  7:49  Marauder x2  
  104  7:59  Siege Tank  
  104  8:01  SCV  
  104  8:02  SCV  
  104  8:04  Ghost Academy  
  109  8:06  Refinery x2  
  109  8:08  Terran Infantry Armor Level 1  
  109  8:11  Marauder  
  111  8:30  Supply Depot  
  111  8:31  Marine x3  
  111  8:32  Marine x3, SCV x3, Medivac x2, Marauder  
  126  8:41  Supply Depot  
  126  8:46  Siege Tank  
  129  8:50  SCV x3  
  129  8:53  Ghost x2  
  129  8:55  Marine x3  
  139  8:59  Ghost  
  139  9:02  SCV  
  142  9:08  SCV x2  
  144  9:14  SCV  
  146  9:24  SCV x2  
  146  9:28  Viking, Medivac  
  151  9:34  SCV  
  151  9:37  Planetary Fortress  
  151  9:38  SCV x2, Supply Depot  
  154  9:43  Armory  
  154  9:44  Engineering Bay  
  154  9:45  Barracks  
  154  9:46  SCV, Barracks  
  154  9:47  Barracks  
  154  9:51  SCV  
  156  9:59  SCV x2  
  158  10:00  Missile Turret  
  158  10:03  SCV  
  158  10:04  Supply Depot  
  158  10:05  Supply Depot  
  158  10:06  Supply Depot  
  157  10:08  Supply Depot  
  157  10:12  SCV  
Show
View Real Time Build Order
Export as new Build Order

Peekachu Zerg 

Build Orders: Pool First 

Get SALT Encoding   

  8  0:00  Drone  
  9  0:10  Drone  
  10  0:16  Drone  
  11  0:22  Drone  
  12  0:30  Extractor, Drone  
  13  0:39  Overlord  
  13  0:54  Spawning Pool  
  12  1:00  Drone  
  12  1:02  Drone  
  14  1:06  Drone  
  14  1:11  Drone  
  16  1:20  Drone  
  17  1:37  Hatchery  
  16  1:42  Zergling x2  
  16  1:46  Extractor  
  16  1:52  Queen  
  18  1:56  Drone  
  18  1:59  Drone  
  20  2:05  Extractor  
  20  2:06  Drone  
  21  2:13  Overlord  
  21  2:31  Queen  
  21  2:36  Drone x2  
  25  2:41  Overlord  
  25  2:52  Drone x2  
  27  3:00  Metabolic Boost  
  27  3:01  Drone x2  
  28  3:15  Drone  
  28  3:16  Drone x2  
  28  3:17  Zergling x4  
  33  3:21  Zergling x2  
  34  3:27  Zergling x2  
  34  3:32  Burrow  
  34  3:34  Zergling x2  
  36  3:37  Drone, Zergling x6  
  40  3:53  Overlord x2  
  40  3:54  Overlord x2  
  38  4:06  Roach Warren  
  38  4:07  Zergling x6  
  37  4:17  Extractor  
  37  4:29  Zergling x2  
  37  4:30  Zergling x12  
  44  4:33  Lair  
  44  4:40  Zergling x6  
  47  4:53  Zergling x10  
  47  4:58  Drone  
  53  5:01  Extractor  
  51  5:07  Roach x2  
  44  5:35  Zergling x12  
  45  5:36  Zergling x8  
  49  5:47  Roach x2  
  53  5:52  Drone  
  53  5:53  Drone, Nydus Network  
  53  5:56  Drone x3  
  52  6:12  Roach x2  
  54  6:20  Drone x2  
  54  6:21  Drone x3  
  58  6:34  Queen  
  58  6:41  Drone x6  
  58  6:42  Glial Reconstitution  
  64  6:53  Hatchery  
  60  7:07  Drone x3  
  58  7:09  Drone x4  
  62  7:16  Roach x3  
  67  7:31  Evolution Chamber  
  67  7:35  Roach x3  
  71  7:37  Roach x3  
  71  7:54  Overlord x6  
  71  7:55  Overlord  
  70  8:04  Drone  
  70  8:05  Queen  
  73  8:13  Drone x4  
  73  8:14  Drone x4  
  78  8:23  Zerg Missile Weapons Level 1  
  78  8:24  Drone  
  78  8:25  Drone x2  
  81  8:28  Evolution Chamber  
  81  8:29  Drone x2  
  81  8:30  Drone  
  81  8:33  Roach  
  83  8:43  Drone x6  
  83  8:47  Extractor  
  88  8:56  Hatchery, Nydus Canal  
  88  8:58  Tunneling Claws  
  88  9:00  Roach  
  88  9:02  Evolution Chamber, Drone x2  
  88  9:03  Drone x3  
  91  9:12  Nydus Canal  
  87  9:29  Extractor  
  78  9:32  Extractor  
  78  9:33  Roach x4  
  78  9:34  Roach x6  
  97  9:39  Queen  
  97  9:40  Drone x3  
  102  9:56  Baneling Nest, Drone x2  
  102  9:58  Drone x3  
  102  9:59  Roach  
Show
View Real Time Build Order
Export as new Build Order

AnDǂMagicas Protoss 

Build Orders: Phoenix Opening 

Get SALT Encoding   

  8  0:00  Probe  
  9  0:12  Probe  
  10  0:25  Probe (Chrono Boost)  
  11  0:34  Pylon  
  12  0:36  Probe (Chrono Boost)  
  12  0:40  Probe (Chrono Boost)  
  13  0:52  Probe  
  14  1:04  Probe (Chrono Boost)  
  14  1:08  Gateway  
  15  1:16  Assimilator, Probe (Chrono Boost)  
  16  1:22  Probe (Chrono Boost)  
  17  1:29  Assimilator  
  17  1:30  Probe  
  18  1:36  Pylon  
  18  1:42  Probe  
  19  1:55  Probe  
  20  2:02  Cybernetics Core  
  20  2:07  Probe  
  21  2:19  Probe  
  22  2:31  Probe  
  23  2:43  Probe  
  24  2:46  Stargate  
  24  2:55  Stargate  
  24  2:56  Nexus  
  24  3:01  Probe  
  25  3:05  Shield Battery  
  25  3:17  Adept  
  25  3:19  Probe  
  28  3:22  Assimilator  
  28  3:31  Probe  
  29  3:35  Pylon  
  29  3:53  Phoenix x2, Probe  
  34  4:06  Probe  
  35  4:10  Adept  
  35  4:12  Probe  
  35  4:15  Pylon  
  38  4:18  Probe  
  38  4:20  Phoenix  
  41  4:24  Probe  
  42  4:32  Probe, Phoenix  
  40  4:47  Phoenix  
  40  4:48  Probe  
  41  5:02  Probe  
  30  5:30  Phoenix  
  30  5:31  Probe  
  30  5:32  Phoenix  
  22  5:52  Probe  
  23  6:04  Probe  
  24  6:23  Probe (Chrono Boost)  
  25  6:35  Probe (Chrono Boost)  
  26  6:42  Probe (Chrono Boost)  
  27  6:50  Probe  
  26  7:06  Probe  
  27  7:09  Phoenix  
  28  7:19  Probe  
  28  7:21  Forge  
  29  7:31  Probe  
  30  7:38  Nexus  
  30  7:43  Probe, Pylon  
  31  7:55  Probe  
  32  7:59  Photon Cannon  
  32  8:07  Probe  
  33  8:19  Probe  
  34  8:20  Shield Battery  
  33  8:31  Probe  
  34  8:43  Probe  
  35  8:55  Probe  
  36  9:06  Probe  
  36  9:07  Probe  
  38  9:18  Probe  
  38  9:20  Probe, Photon Cannon  
  40  9:24  Phoenix x2  
  40  9:30  Probe  
  45  9:33  Probe  
  46  9:42  Probe  
  46  9:45  Probe  
  48  9:49  Phoenix  
  50  9:54  Probe  
  50  9:56  Phoenix  
  50  9:57  Probe  
  50  9:59  Assimilator  
  54  10:03  Assimilator  
  54  10:04  Photon Cannon  
Show
View Real Time Build Order
Export as new Build Order

Xynthor Zerg 

Build Orders: 1 Base Baneling Bust, Pool First 

Get SALT Encoding   

  8  0:00  Drone  
  9  0:11  Drone  
  10  0:17  Drone  
  11  0:23  Drone  
  12  0:45  Spawning Pool  
  12  0:48  Extractor  
  10  0:50  Drone  
  10  0:56  Drone  
  12  1:06  Overlord  
  12  1:31  Zergling x6  
  15  1:48  Metabolic Boost  
  15  1:53  Zergling x4  
  17  2:06  Zergling x2  
  17  2:25  Zergling x2  
  17  2:26  Zergling x2  
  18  2:40  Zergling x2  
  17  2:55  Zergling x4  
  15  3:17  Queen  
  17  3:24  Zergling x6  
  20  3:29  Baneling Nest  
  20  3:33  Hatchery  
  17  3:35  Zergling x2  
  12  3:53  Zergling x2  
  7  4:08  Drone  
  7  4:27  Drone  
  8  4:37  Baneling  
  8  4:44  Baneling  
  8  5:22  Drone x2  
  10  5:34  Drone  
  10  5:46  Drone  
  11  5:53  Drone  
  5  6:33  Drone x3  
  8  6:40  Overlord  
  8  6:59  Overlord  
  8  7:24  Zergling x2  
  8  7:26  Zergling x2  
  10  7:39  Lair  
  10  7:45  Baneling x2  
  10  7:50  Baneling  
  10  7:54  Baneling  
  10  8:04  Drone  
  11  8:19  Drone x2  
  13  8:27  Drone  
  13  8:29  Drone  
  14  8:43  Burrow  
  14  9:11  Drone  
  14  9:12  Drone x2  
  16  9:34  Drone x2  
  18  9:50  Zergling x2  
  19  9:58  Extractor  
  19  9:59  Drone  
  19  10:09  Baneling x2  
Show
View Real Time Build Order
Export as new Build Order

Toasted Protoss 

Build Orders:  

Get SALT Encoding   

  8  0:01  Probe  
  9  0:13  Probe  
  10  0:25  Pylon  
  10  0:30  Probe  
  11  0:42  Probe  
  12  0:54  Probe  
  13  1:01  Gateway  
  13  1:06  Probe  
  14  1:14  Assimilator  
  15  1:18  Probe (Chrono Boost)  
  15  1:30  Probe (Chrono Boost)  
  16  1:37  Probe (Chrono Boost)  
  17  1:44  Probe  
  18  1:52  Cybernetics Core  
  18  1:57  Probe  
  18  1:58  Pylon  
  19  2:02  Assimilator  
  19  2:09  Probe  
  20  2:21  Gateway  
  20  2:24  Probe  
  20  2:27  Stalker (Chrono Boost)  
  23  2:36  Probe  
  24  2:47  Stalker  
  26  2:56  Shield Battery  
  26  2:59  Probe  
  27  3:09  Warp Gate, Stalker  
  29  3:13  Pylon  
  29  3:31  Stalker  
  31  3:36  Stalker  
  33  4:04  Nexus  
  32  4:30  Pylon  
  32  4:38  Pylon  
  32  4:52  Stalker  
  36  4:53  Probe  
  37  5:02  Stalker  
  37  5:05  Probe  
  38  5:08  Gateway  
  38  5:10  Shield Battery, Pylon  
  34  5:31  Stalker  
  34  5:32  Stalker  
  38  5:42  Twilight Council  
  38  5:48  Probe  
  38  5:49  Probe  
  40  5:53  Shield Battery  
  40  5:57  Gateway  
  40  6:01  Stalker  
  38  6:14  Blink (Chrono Boost)  
  36  6:24  Probe  
  37  6:34  Shield Battery  
  37  6:37  Probe  
  38  6:45  Stalker  
  40  6:58  Stalker  
  40  7:01  Stalker  
  44  7:09  Probe x2  
  44  7:14  Shield Battery  
  46  7:21  Stalker  
  48  7:35  Stalker x2  
  52  7:43  Stalker  
  54  7:45  Charge (Chrono Boost)  
  52  8:08  Probe  
  52  8:11  Stalker x2  
  57  8:17  Pylon  
  57  8:20  Stalker  
  59  8:33  Probe  
  60  8:35  Probe  
  60  8:37  Zealot  
  60  8:40  Zealot  
  65  8:45  Probe  
  65  8:47  Probe  
  67  8:51  Zealot  
  69  8:57  Zealot  
  69  9:01  Probe  
  69  9:02  Probe  
  73  9:22  Zealot x3  
  67  9:40  Probe (Chrono Boost)  
  68  9:52  Probe (Chrono Boost), Zealot  
  68  9:53  Probe (Chrono Boost)  
  68  9:57  Probe (Chrono Boost)  
  68  9:59  Templar Archives  
  72  10:00  Probe (Chrono Boost)  
  72  10:06  Probe  
  69  10:12  Probe  
  62  10:14  Zealot  
  62  10:15  Zealot  
Tags
 
Add a new tag
Caveats
  • Supply blocks, unpowered buildings, or Contaminate may cause inaccurate times.
  • Supply counts are checked every 10 seconds.